 Dungeon Crawl Stone Soup version 0.23.2 (webtiles) character file.

Game seed: 8077993034918216288

3126 Borgoz the Slicer (level 9, 0/55 HPs)
             Began as a Gargoyle Gladiator on Apr 11, 2019.
             Slain by a wolf (4 damage)
             ... on level 8 of the Dungeon.
             The game lasted 00:21:21 (5985 turns).

Borgoz the Slicer (Gargoyle Gladiator)              Turns: 5985, Time: 00:21:21

Health: 0/55       AC: 16    Str: 19    XL:     9   Next: 92%
Magic:  9/9        EV: 15    Int:  8    God:
Gold:   20         SH:  0    Dex: 17    Spells: 8/8 levels left

rFire    . . .     SeeInvis .   a - +0 rapier (venom)
rCold    + . .     Gourm    .   (no shield)
rNeg     + . .     Faith    .   H - +0 leather armour {rC+}
rPois    ∞         Spirit   .   q - +2 helmet
rElec    +         Reflect  .   G - +2 cloak
rCorr    .         Harm     .   (no gloves)
MR       .....                  (no boots)
Stlth    +++.......             (no amulet)
HPRegen  0.18/turn              J - ring of flight (curse)
MPRegen  0.11/turn              c - +3 ring of dexterity

@: no status effects
A: negative energy resistance 1, electricity resistance, unbreathing,
petrification resistance, rot immunity, AC +6
a: Evoke Flight


You were on level 8 of the Dungeon.
You were hungry.

You visited 2 branches of the dungeon, and saw 9 of its levels.

You collected 325 gold pieces.
You spent 305 gold pieces at shops.

Inventory:

Hand Weapons
 a - a +0 rapier of venom (weapon)
 b - a +4 dagger
 x - a +0 rapier
Missiles
 g - 4 throwing nets (quivered)
Armour
 q - a +2 helmet (worn)
 G - a +2 cloak (worn)
 H - a +0 leather armour of cold resistance (worn)
Jewellery
 c - a +3 ring of dexterity (right hand)
 d - an uncursed ring of ice
 e - an uncursed ring of stealth
 i - an uncursed ring of wizardry
 k - an uncursed amulet of magic regeneration
 o - an uncursed ring of protection from cold {unknown}
 t - an uncursed ring of stealth
 J - a cursed ring of flight (left hand)
 M - an uncursed ring of ice
Wands
 s - a wand of random effects (23)
 z - a wand of paralysis (14)
 C - a wand of polymorph (10)
 E - a wand of disintegration (14)
Scrolls
 j - 2 scrolls of blinking
 l - 4 scrolls of teleportation
 r - a scroll of random uselessness {unknown}
 u - 5 scrolls of magic mapping {unknown}
 v - 2 scrolls of noise {unknown}
 w - 4 scrolls of amnesia {unknown}
 y - 4 scrolls of fear
 D - 2 scrolls of enchant armour {unknown}
 I - 2 scrolls of remove curse
Potions
 h - 2 potions of agility
 m - a potion of invisibility {unknown}
 n - a potion of ambrosia
 A - a potion of berserk rage {unknown}
 B - 3 potions of curing
 K - a potion of flight {unknown}
 L - a potion of heal wounds
 N - a potion of brilliance {unknown}
Comestibles
 f - 8 rations
 p - 3 chunks of flesh


   Skills:
 + Level 5.9 Fighting
 + Level 8.4 Short Blades
 + Level 2.1 Throwing
 + Level 5.2 Armour
 + Level 5.1 Dodging
 + Level 5.8 Stealth


You had 8 spell levels left.
You didn't know any spells.
Your spell library was empty.

Dungeon Overview and Level Annotations

Branches:
Dungeon (8/15)             Temple (1/1) D:5            Lair (0/6) D:8

Altars:
Cheibriados
Elyvilon
Fedhas
Gozag
Hepliaklqana
Kikubaaqudgha
Makhleb
Nemelex Xobeh
Okawaru
Qazlal
Ru
Sif Muna
Trog
Vehumet
Wu Jian
Xom
Yredelemnul
Zin
The Shining One

Shops:
D:7 *


Innate Abilities, Weirdness & Mutations

You are resistant to torment.
Your stone body is resilient. (AC +6)
You are immune to poison.
You resist negative energy. (rN+)
You are resistant to electric shocks. (rElec)
You can survive without breathing.
You are immune to petrification.
You are immune to rotting.


Message History

* * * LOW HITPOINT WARNING * * *
You hit the wight.
The wight is heavily damaged.
The wight hits you but does no damage. The wolf bites you.
* * * LOW HITPOINT WARNING * * *
You hit the wight.
The wight is heavily damaged.
The wolf bites you.
* * * LOW HITPOINT WARNING * * *
The wight misses you.
Unknown command.
You puncture the wolf!
The wolf looks as sick as possible!
The wolf is heavily wounded.
The wolf closely misses you. The wolf barely misses you.
You hit the wolf.
The wolf looks as sick as possible!
The wolf is almost dead.
The wight hits you with a +3 halberd!
* * * LOW HITPOINT WARNING * * *
The wolf bites you.
You die...

#.######.#######.#######.##.##...
# #..######.# #.##.#####
#.........# #[##.# #.......÷.#
#.##.# #.........# #.##..
###+#####.# .### #.#######.
#.h....... #@######## #z# #z#
#### # #h# .... #..##h#o.#..#
#....oo..h.≈. #..≈.;..≈..≈.
#....≈..≈≈≈.≈ #....≈≈≈≈≈≈h≈


You could see an orc warrior, a wolf, a hound, an electric eel, 2 wights, an orc
and a jackal.

Vanquished Creatures
  3 orc warriors (D:6)
  A phantom (D:8)
  An ice beast (D:7)
  3 ogres
  A wolf (D:8)
  4 centaurs
  6 bullfrogs
  A water moccasin zombie (D:5)
  2 scorpions (D:6)
  6 killer bees (D:7)
  5 wights
  2 howler monkeys (D:7)
  An electric eel (D:7)
  A crimson imp (D:6)
  A bullfrog zombie (D:6)
  5 hounds
  A centaur skeleton (D:5)
  A bullfrog skeleton (D:5)
  2 orc priests (D:6)
  7 orc wizards
  An iron imp (D:6)
  Ijyb (D:4)
  2 iguanas
  2 worker ants (D:5)
  8 adders
  A shadow imp (D:6)
  An ooze (D:2)
  2 adder skeletons (D:7)
  3 worms
  4 dart slugs (D:1)
  2 leopard geckos
  26 orcs
  2 ball pythons
  7 giant cockroaches
  4 goblins
  7 hobgoblins (D:1)
  5 jackals
  5 quokkas
  6 bats
  4 frilled lizards
  11 kobolds
  A leopard gecko skeleton (D:4)
  6 rats
165 creatures vanquished.

Vanquished Creatures (others)
  A leopard gecko (D:5)
1 creature vanquished.

Grand Total: 166 creatures vanquished

Notes
Turn   | Place    | Note
-------+----------+-------------------------------------------
     0 | D:1      | Borgoz the Gargoyle Gladiator began the quest for the Orb.
     0 | D:1      | Reached XP level 1. HP: 12/12 MP: 1/1
   237 | D:1      | Reached XP level 2. HP: 16/17 MP: 2/2
   320 | D:1      | Reached skill level 3 in Short Blades
   324 | D:1      | Reached XP level 3. HP: 16/22 MP: 3/3
   728 | D:2      | Found a stormy altar of Qazlal.
   803 | D:2      | Found a radiant altar of Vehumet.
   870 | D:2      | Reached XP level 4. HP: 19/27 MP: 4/4
  1063 | D:2      | Found a hazy altar of Hepliaklqana.
  1559 | D:3      | Noticed a bullfrog
  1572 | D:3      | Killed a bullfrog
  1572 | D:3      | Reached skill level 1 in Armour
  1572 | D:3      | Reached skill level 1 in Stealth
  1572 | D:3      | Reached XP level 5. HP: 27/32 MP: 5/5
  2092 | D:4      | Noticed an ogre
  2103 | D:4      | Killed an ogre
  2103 | D:4      | Reached skill level 4 in Short Blades
  2103 | D:4      | Reached XP level 6. HP: 37/37 MP: 6/6
  2126 | D:4      | Noticed Ijyb
  2151 | D:4      | Killed Ijyb
  2498 | D:5      | Entered Level 5 of the Dungeon
  2541 | D:5      | Found a staircase to the Ecumenical Temple.
  2551 | Temple   | Entered the Ecumenical Temple
  2935 | D:5      | Reached XP level 7. HP: 34/41 MP: 7/7
  3272 | D:5      | Found a blossoming altar of Fedhas.
  3334 | D:5      | Reached skill level 5 in Short Blades
  3672 | D:6      | Reached XP level 8. HP: 48/48 MP: 8/8
  3844 | D:6      | Reached skill level 6 in Short Blades
  4126 | D:6      | Found a snail-covered altar of Cheibriados.
  4283 | D:6      | Reached skill level 5 in Stealth
  4526 | D:7      | Found an opulent altar of Gozag.
  4608 | D:7      | Reached skill level 7 in Short Blades
  4608 | D:7      | Reached XP level 9. HP: 49/53 MP: 9/9
  4634 | D:7      | Reached skill level 5 in Fighting
  4741 | D:7      | Reached skill level 5 in Armour
  5419 | D:7      | Reached skill level 8 in Short Blades
  5740 | D:7      | Found Adep's Assorted Antiques.
  5743 | D:7      | Bought a potion of heal wounds for 110 gold pieces
  5743 | D:7      | Bought a scroll labeled QUHUHO WIUV for 22 gold pieces
  5743 | D:7      | Bought a notched granite ring for 110 gold pieces
  5743 | D:7      | Bought a lumpy amethyst potion for 19 gold pieces
  5743 | D:7      | Bought a scroll of identify for 44 gold pieces
  5864 | D:8      | Reached skill level 5 in Dodging
  5921 | D:8      | Found a staircase to the Lair.
  5985 | D:8      | Slain by a wolf

Skill      XL: |  1  2  3  4  5  6  7  8  9 |
---------------+----------------------------+-----
Throwing       | 2 |  2.1
Short Blades   | 3 4 5 7 8 |  8.4
Dodging        | 3 4 5 |  5.1
Armour         | 1 2 3 4 5 |  5.2
Stealth        | 1 2 3 4 5 |  5.8
Fighting       | 3 4 5 |  5.9

Action                   |  1- 3 |  4- 6 |  7- 9 || total
-------------------------+-------+-------+-------++-------
Melee: Rapier            |   128 |   111 |   545 ||   784
       Dagger            |     6 |    60 |       ||    66
Throw: Throwing net      |       |       |     3 ||     3
       Tomahawk          |       |       |     1 ||     1
  Use: Potion            |     1 |       |     7 ||     8
       Scroll            |     4 |     2 |     1 ||     7
 Stab: Sleeping          |       |    12 |     8 ||    20
       Distracted        |       |       |     1 ||     1
       Held in net/web   |       |       |     1 ||     1
  Eat: Chunk             |       |     3 |     7 ||    10
       Ration            |       |     1 |     1 ||     2
Armor: Leather armour    |    26 |       |    21 ||    47
       Ring mail         |    31 |    65 |   242 ||   338
Dodge: Dodged            |   104 |    85 |   425 ||   614
